 Dungeon Crawl Stone Soup version 0.29-a0-923-g6e406bff71 (webtiles) character file.

Game seed: 3390182922220586101

693 Newt the Chopper (level 7, -7/57 HPs)
             Began as a Palentonga Fighter on July 27, 2022.
             Was an Initiate of Wu Jian.
             Mangled by an ogre
             ... wielding a +0 giant spiked club
              (25 damage)
             ... on level 5 of the Dungeon.
             The game lasted 00:09:50 (3674 turns).

Newt the Chopper (Palentonga Fighter)               Turns: 3674, Time: 00:09:51

Health: -7/57      AC: 15    Str: 19    XL:     7   Next: 37%
Magic:  10/10      EV: 11    Int:  8    God:    Wu Jian [......]
Gold:   130        SH:  5    Dex: 18    Spells: 11/11 levels left

rFire   . . .      SeeInvis +   x - +2 spear (freeze)
rCold   . . .      Faith    .   c - +0 buckler
rNeg    . . .      Spirit   .   b - +0 scale mail
rPois   .          Reflect  .   n - +2 hat
rElec   .          Harm     .   (no cloak)
rCorr   .          Rampage  .   (no gloves)
Will    .....                   (no barding)
Stlth   ..........              (no amulet)
HPRegen 0.19/turn               E - +4 ring of evasion
MPRegen 0.12/turn               D - +6 ring of dexterity

@: lethally poisoned (-7 -> -12), curled up
A: large, rugged brown scales 3, see invisible, deformed body, roll 1, armoured
tail, reflexive curl, mutation resistance 1
a: Rolling Charge, Renounce Religion


You were on level 5 of the Dungeon.
You worshipped Wu Jian.
Wu Jian was noncommittal.
You visited 1 branch of the dungeon, and saw 5 of its levels.
You also visited: Sewer.

You collected 285 gold pieces.
You spent 155 gold pieces at shops.

Inventory:

Hand Weapons
 a - a +0 war axe
 x - a +2 spear of freezing (weapon)
 y - a +2 vampiric short sword
 F - a +2 halberd of venom
Armour
 b - a +0 scale mail (worn)
 c - a +0 buckler (worn)
 n - a +2 hat (worn)
 o - a +1 pair of boots
Jewellery
 r - a ring of willpower
 D - a +6 ring of dexterity (right hand)
 E - a +4 ring of evasion (left hand)
Wands
 A - a wand of flame (13)
 B - a wand of polymorph (5)
Scrolls
 e - 4 scrolls of teleportation
 f - a scroll of amnesia {unknown}
 g - 2 scrolls of torment {unknown}
 i - a scroll of summoning {unknown}
 j - a scroll of identify
 p - 2 scrolls of immolation {unknown}
 q - 2 scrolls of noise {unknown}
 s - 2 scrolls of vulnerability {unknown}
 v - 2 scrolls of fear {unknown}
 C - a scroll of poison {unknown}
Potions
 h - 2 potions of curing
 k - 2 potions of attraction
 l - 3 potions of heal wounds {unknown}
 m - a potion of brilliance {unknown}
 t - a potion of ambrosia {unknown}
 u - a potion of haste {unknown}
 w - a potion of resistance {unknown}
 z - a potion of cancellation {unknown}


   Skills:
 + Level 4.0 Fighting
 - Level 4.1(4.8) Axes
 * Level 3.4(4.2) Polearms
 + Level 3.5 Armour
 + Level 0.7 Dodging
 + Level 3.4 Shields
 * Level 2.6 Spellcasting


You had 11 spell levels left.
You didn't know any spells.
Your spell library contained the following spells:

 Spells                   Type           Power      Damage    Failure   Level
 Apportation              Tloc           2%         N/A       77%         1
 Beastly Appendage        Tmut           2%         N/A       77%         1
 Foxfire                  Conj/Fire      4%         2x1d4     77%         1
 Necrotise                Necr           4%         1d4       77%         1
 Summon Small Mammal      Summ           4%         N/A       77%         1
 Wereblood                Tmut           1%         N/A       88%         2
 Conjure Flame            Conj/Fire      1%         6-21      98%         3
 Gell's Gravitas          Tloc           1%         N/A       98%         3
 Inner Flame              Hex/Fire       1%         N/A       98%         3
 Lesser Beckoning         Tloc           1%         N/A       98%         3
 Spider Form              Tmut/Pois      1%         N/A       98%         3
 Teleport Other           Tloc           1%         N/A       98%         3
 Flame Wave               Conj/Fire      1%         2d4       100%        4
 Alistair's Intoxication  Tmut/Pois      0%         N/A       100%        5


Dungeon Overview and Level Annotations

Branches:
Dungeon (5/15)              Sewer (visited)
 Temple: D:4-7

Altars:
Okawaru
Sif Muna
Wu Jian

Shops:
D:5 *

Annotations:
D:5 1 runed translucent door, audacious124's ghost, amateur DjCj


Innate Abilities, Weirdness & Mutations

You are completely covered in rugged brown scales. (AC +3, +7% HP)
You have supernaturally acute eyesight. (SInv)
Armour fits poorly on your strangely shaped body.
You can roll at nearby foes to attack.
You have a long armoured tail.
You curl defensively after being hit. (AC +7*)
You are somewhat resistant to further mutation.


Message History

You reach to attack!
You hit the ogre. You freeze the ogre.
The ogre is moderately wounded.
The scorpion stings you.
You are poisoned.
The scorpion poisons you!
Reach: x) +2 spear (freeze)
Press: ? - help, Dir - move target, f/p - ogre
Aim: an ogre, wielding a +0 giant spiked club (moderately wounded, about 20% to evade your +2 spear of freezing)
You reach to attack!
You hit the ogre. You freeze the ogre.
The ogre is heavily wounded.
You feel very sick. The scorpion stings you.
You are more poisoned.
The scorpion poisons you!
You hit the scorpion. You freeze the scorpion.
The scorpion is moderately wounded.
You feel very sick. You block the scorpion's attack.
You hit the scorpion. You freeze the scorpion.
Your tail-slap misses the scorpion.
The scorpion is severely wounded.
You feel very sick. The scorpion barely misses you.
You puncture the scorpion! You freeze the scorpion.
You kill the scorpion!
The Council accepts your kill.
You feel very sick.
You hit the ogre. You freeze the ogre.
The ogre is heavily wounded.
You feel sick.
The ogre hits you with a +0 giant spiked club!!
You puncture the ogre! You freeze the ogre.
The ogre is severely wounded.
You feel sick.
You hit the ogre. You freeze the ogre.
You tail-slap the ogre, but do no damage.
The ogre is almost dead.
You feel sick.
The ogre hits you with a +0 giant spiked club!!
You die...

#.....###..............###
##....###............#.##.
###....#..#[..##....#....
##########.....##......
##. #...#.#...........
..##+.8.#.....##..#.##
#..#...#......#[.#. #
#5#...##......... ..
#O@8.'.............
#.o#...#.......[...#.
#...#...##........# ##
#...#+.8.###......## +..#
#...# .....## ### #####
..#..# ..#... .. ..


You could see an ogre, a white imp and an orc.

Vanquished Creatures
  Menkaure (D:5)
  Pargi (Sewer)
  An ogre (D:4)
  A necrophage (D:5)
  A scorpion (D:5)
  An iguana (D:5)
  Jessica (D:2)
  An orc wizard (D:4)
  4 gnolls (D:5)
  7 adders
  5 worms
  The ghost of OstrichLN the Covert, a weakling GnDe (D:4)
  2 dart slugs
  5 orcs
  6 bats
  8 endoplasms
  6 giant cockroaches
  3 goblins
  9 hobgoblins
  5 jackals
  4 quokkas
  6 ball pythons
  A frilled lizard (D:2)
  7 kobolds
  6 rats
93 creatures vanquished.

Notes
Turn   | Place    | Note
-------+----------+-------------------------------------------
     0 | D:1      | Newt the Palentonga Fighter began the quest for the Orb.
     0 | D:1      | Reached XP level 1. HP: 19/19 MP: 1/1
   276 | D:1      | Reached XP level 2. HP: 24/25 MP: 2/2
   429 | D:1      | Reached XP level 3. HP: 30/31 MP: 3/3
   639 | D:2      | Noticed Jessica
   641 | D:2      | Killed Jessica
   655 | D:2      | Reached XP level 4. HP: 29/37 MP: 4/4
  1228 | D:2      | Found a shimmering blue altar of Sif Muna.
  1488 | D:3      | Reached skill level 1 in Spellcasting
  1647 | D:3      | Reached XP level 5. HP: 43/43 MP: 6/6
  1853 | D:3      | Found an ornate altar of the Wu Jian Council.
  1860 | D:3      | Became a worshipper of the Wu Jian Council
  2020 | D:4      | Noticed an ogre
  2026 | D:4      | Killed an ogre
  2419 | D:4      | Noticed OstrichLN's ghost (weakling GnDe)
  2420 | D:4      | Found a transporter.
  2461 | D:4      | Found a transporter.
  2472 | D:4      | Killed OstrichLN's ghost
  2474 | D:4      | Reached XP level 6. HP: 39/51 MP: 8/8
  3088 | D:4      | Gained mutation: You are somewhat resistant to further
                  | mutation. [potion of mutation]
  3113 | D:5      | Entered Level 5 of the Dungeon
  3170 | D:5      | Found a glowing drain.
  3189 | Sewer    | Entered a sewer
  3256 | Sewer    | Noticed Pargi
  3263 | Sewer    | Killed Pargi
  3264 | Sewer    | Reached skill level 1 in Polearms
  3322 | D:5      | Found a runed translucent door.
  3323 | D:5      | Found Zutuuts's Assorted Antiques.
  3336 | D:5      | Bought a runed ruby ring for 155 gold pieces
  3368 | D:5      | Noticed audacious124's ghost (amateur DjCj)
  3508 | D:5      | Found an iron altar of Okawaru.
  3509 | D:5      | Noticed Menkaure
  3514 | D:5      | Killed Menkaure
  3515 | D:5      | Gained mutation: You curl defensively after being hit. (AC
                  | +7*) [Palentonga growth]
  3515 | D:5      | Reached XP level 7. HP: 49/57 MP: 10/10
  3674 | D:5      | Mangled by an ogre

Illustrated notes

Levels and vault maps discovered:
D:1:      dpeg_arrival_morbid_curiosity, layout_basic
D:2:      layout_loops_ring, basic_altar, uniq_jessica
D:3:      layout_basic, nicolae_wu_jian_glorious_leap,
          kennysheep_generic_room_12
D:4:      layout_layer_cave, gammafunk_ghost_arena
D:5:      minmay_chambers_of_threes, layout_cave_pools,
          nicolae_overflow_squiral, okawaru_gym_becter,
          cheibrodos_sewer_entry_sluice, serial_shops, nicolae_diamond_shop,
          ebering_ghost_sewer_f, uniq_menkaure

Skill      XL: |  1  2  3  4  5  6  7 |
---------------+----------------------+-----
Shields        | 3 |  3.4
Axes           | 3 4 |  4.1
Spellcasting   | 1 2 |  2.6
Armour         | 3 |  3.5
Polearms       | 2 3 |  3.4
Fighting       | 4 |  4.0
Dodging        | |  0.7

Action                   |  1- 3 |  4- 6 |  7- 9 || total
-------------------------+-------+-------+-------++-------
Melee: War axe           |    64 |   100 |       ||   164
       Tailslap          |     6 |    17 |     2 ||    25
       Spear             |       |    52 |    18 ||    70
Invok: Lunge             |       |     1 |       ||     1
 Abil: Rolling Charge    |     1 |     5 |     1 ||     7
  Use: Scroll            |       |     4 |       ||     4
       Potion            |       |     3 |       ||     3
Armor: Scale mail        |    43 |    65 |     4 ||   112
Dodge: Dodged            |    21 |    65 |     3 ||    89
Block: Buckler           |    18 |    32 |     3 ||    53

Table legend: (Time is in decaauts)
 A = Elapsed time spent in this place.
 B = Non-inter-level travel time spent in this place.
 C = Inter-level travel time spent in this place.
 D = Time resting spent in this place.
 E = Time spent auto-exploring this place.
 F = Levels seen in this place.
 G = Mean time per level.
                   A        B        C        D        E       F      G
               +--------+--------+--------+--------+--------+-----+--------+
         Total |   3747 |   3723 |     24 |    426 |   2460 |   6 |  624.5 |
       Dungeon |   3606 |   3582 |     24 |    426 |   2379 |   5 |  721.2 |
         Sewer |    140 |    140 |      0 |      0 |     81 |   1 |  140.0 |
               +--------+--------+--------+--------+--------+-----+--------+

Top non-repeatable levels by time:
     D:4: 1099 daAuts
     D:2: 747 daAuts
     D:3: 666 daAuts
     D:1: 661 daAuts
     D:5: 431 daAuts
   Sewer: 140 daAuts
